 Dungeon Crawl Stone Soup version 0.21-a0-344-g2144152 (webtiles) character file.

437 Kidiri the Conjurer (level 6, -1/45 HPs)
             Began as a Draconian Conjurer on Oct 4, 2017.
             Slain by an ogre
             ... wielding a +0 giant club
              (31 damage)
             ... on level 5 of the Dungeon.
             The game lasted 00:10:27 (4670 turns).

Kidiri the Conjurer (Draconian Conjurer)            Turns: 4670, Time: 00:10:28

Health: -1/45      AC:  9    Str: 10    XL:     6   Next: 69%
Magic:  14/14      EV: 12    Int: 17    God:
Gold:   222        SH:  0    Dex: 12    Spells: 6/16 levels left

rFire    . . .     SeeInvis .   j - +4 dagger (venom)
rCold    . . .     Gourm    .   (no shield)
rNeg     . . .     Faith    .   (armour unavailable)
rPois    .         Spirit   .   (helmet restricted)
rElec    .         Reflect  .   (no cloak)
rCorr    .         Harm     .   o - +2 pair of gloves
MR       .....                  (no boots)
Stlth    ++........             (no amulet)
HPRegen  0.15/turn              (no ring)
MPRegen  0.14/turn              (no ring)

@: no status effects
A: unfitting armour, cold-blooded, AC +6
a: no special abilities


You were on level 5 of the Dungeon.
You were not hungry.

You visited 1 branch of the dungeon, and saw 5 of its levels.

You collected 222 gold pieces.

Inventory:

Hand Weapons
 j - a +4 dagger of venom (weapon)
Armour
 i - a +0 shield
 o - a +2 pair of gloves (worn)
Scrolls
 e - 2 scrolls of teleportation
 f - 2 scrolls of fog
 g - 2 scrolls of remove curse
 k - 2 scrolls of recharging
 p - a scroll of magic mapping
 t - a scroll of random uselessness {unknown}
 v - a scroll of enchant armour
Potions
 l - a potion of flight
 m - 4 potions of curing
 r - 2 potions of haste {unknown}
 s - a potion of invisibility
 u - a potion of heal wounds {unknown}
Books
 a - a book of Conjurations

   Spells                             Type                      Level
   a - Magic Dart                     Conjuration                  1
   b - Searing Ray                    Conjuration                  2
   c - Dazzling Spray                 Conjuration/Hexes            3
   d - Fulminant Prism                Conjuration/Hexes            4
   e - Force Lance                    Conjuration/Translocation    4
   f - Iskenderun's Mystic Blast      Conjuration                  4
 q - a book of Changes

   Spells                             Type                      Level
   a - Beastly Appendage              Transmutation                1
   b - Sticks to Snakes               Transmutation                2
   c - Spider Form                    Transmutation/Poison         3
   d - Ice Form                       Ice/Transmutation            4
   e - Blade Hands                    Transmutation                5
Comestibles
 b - 3 bread rations
 c - a royal jelly
 d - 2 fruits
 n - 2 meat rations


   Skills:
 - Level 1.7 Dodging
 - Level 1.7 Stealth
 * Level 5.6 Spellcasting
 + Level 5.6 Conjurations


You had 6 spell levels left.
You knew the following spells:

 Your Spells              Type           Power        Failure   Level  Hunger
a - Magic Dart            Conj           ###.         1%          1    None
b - Searing Ray           Conj           ###...       1%          2    #......
c - Dazzling Spray        Conj/Hex       ##....       12%         3    ##.....
d - Iskenderun's Mystic   Conj           ###.....     13%         4    ####...


Dungeon Overview and Level Annotations

Branches:
Dungeon (5/15)
 Temple: D:4-7

Altars:
Elyvilon
Fedhas
Kikubaaqudgha
Makhleb


Innate Abilities, Weirdness & Mutations

Your plain brown scales are hard. (AC +6)
You cannot fit into any form of body armour.
You are cold-blooded and may be slowed by cold attacks.


Message History

Unknown command.
Unknown command.
There is a stone staircase leading up here.
Things that are here:
3 stones; 2 throwing nets
There is an escape hatch in the floor here.
You slide downwards.
The hatch slams shut behind you.
There is a stone staircase leading down here.
You climb downwards.
An ogre comes into view. It is wielding a giant club.
There is a stone staircase leading up here.
The helpless ogre fails to defend itself.
You puncture the ogre!
The ogre is moderately wounded.
The ogre hits you with a giant club!
You hit the ogre.
The ogre is poisoned.
The ogre is moderately wounded.
The ogre hits you with a giant club!!
Ouch! That really hurt!
You die...

## .. #.#####
#.....# # #.#
#
#.####.###..#
#...........#
#...<#O####...
##.###@# # #.#
..# ####


You could see an ogre.

Vanquished Creatures
  2 phantoms (D:4)
  2 hounds (D:4)
  A centaur skeleton (D:4)
  3 gnolls (D:3)
  7 adders
  An ooze (D:1)
  A worm (D:2)
  2 dart slugs
  2 leopard geckos (D:3)
  An orc (D:4)
  3 ball pythons
  3 giant cockroaches
  8 goblins
  7 hobgoblins
  4 jackals (D:4)
  12 kobolds
  A quokka (D:2)
  6 bats
  6 frilled lizards
  6 rats
78 creatures vanquished.

Notes
Turn   | Place    | Note
-------+----------+-------------------------------------------
     0 | D:1      | Kidiri the Draconian Conjurer began the quest for the Orb.
     0 | D:1      | Reached XP level 1. HP: 14/14 MP: 3/3
   208 | D:1      | Reached XP level 2. HP: 20/20 MP: 1/5
   212 | D:1      | Learned a level 2 spell: Searing Ray
  1661 | D:2      | Reached XP level 3. HP: 15/26 MP: 0/7
  1745 | D:2      | Learned a level 3 spell: Dazzling Spray
  2157 | D:2      | Reached XP level 4. HP: 28/33 MP: 7/9
  2184 | D:2      | Learned a level 4 spell: Iskenderun's Mystic Blast
  3251 | D:4      | Reached XP level 5. HP: 37/38 MP: 5/11
  3252 | D:4      | Noticed a phantom
  3287 | D:4      | Killed a phantom
  3287 | D:4      | Reached skill level 5 in Conjurations
  3625 | D:4      | Reached XP level 6. HP: 41/45 MP: 4/13
  3692 | D:4      | Found a burning altar of Makhleb.
  3706 | D:4      | Found a white marble altar of Elyvilon.
  3721 | D:4      | Reached skill level 5 in Spellcasting
  3802 | D:4      | Found an ancient bone altar of Kikubaaqudgha.
  3802 | D:4      | Found a blossoming altar of Fedhas.
  4661 | D:5      | Entered Level 5 of the Dungeon
  4670 | D:5      | Slain by an ogre

Vault maps used:
D:1:      minmay_arrival_wavy_path
D:3:      first_bread
D:4:      cheibrodos_old_hovel, grunt_temple_overflow_growth_and_decay,
          kennysheep_mini_moat, elyvilon_altar_1
D:5:      kennysheep_ying_yang, grunt_temple_overflow_opulence,
          marbit_many_paths, minmay_temple_entry_enclosed_plants,
          minmay_checkerbox

Skill      XL: |  1  2  3  4  5  6 |
---------------+-------------------+-----
Spellcasting   | 3 4 5 |  5.6
Conjurations   | 5 |  5.6
Dodging        | |  1.7
Stealth        | |  1.7

Action                   |  1- 3 |  4- 6 || total
-------------------------+-------+-------++-------
Melee: Hand axe          |    19 |       ||    19
       Dagger            |    75 |   113 ||   188
       Tailslap          |     7 |     9 ||    16
 Cast: Magic Dart        |    38 |    33 ||    71
       Searing Ray       |       |     3 ||     3
       Dazzling Spray    |       |     4 ||     4
  Use: Scroll            |     1 |    14 ||    15
 Stab: Sleeping          |     3 |     4 ||     7
  Eat: Chunk             |     4 |     8 ||    12
Armor: Skin              |    30 |    45 ||    75
Dodge: Dodged            |    70 |    88 ||   158

Table legend:
 A = Spawn XP
 B = Non-spawn XP
 C = Spawn XP percentage of total XP
 D = Spawn monster count
 E = Non-spawn monster count
 F = Spawn count percentage of total count
 G = Total turns spent on level
                    A         B        C        D         E        F      G
               +---------+---------+-------+---------+---------+-------+---------
         Total |       0 |     625 |   0.0 |       0 |      78 |   0.0 |  4670
               +---------+---------+-------+---------+---------+-------+---------
           D:1 |       0 |      36 |   0.0 |       0 |      20 |   0.0 |  1675
           D:2 |       0 |      64 |   0.0 |       0 |      24 |   0.0 |   750
           D:3 |       0 |      95 |   0.0 |       0 |      19 |   0.0 |   814
           D:4 |       0 |     430 |   0.0 |       0 |      15 |   0.0 |  1422
               +---------+---------+-------+---------+---------+-------+---------
